 Dungeon Crawl Stone Soup version 0.23.2-33-g5129a83184 (webtiles) character file.

Game seed: 9068861022253428628

3061 kae the Martial Artist (level 9, 0/74 HPs)
             Began as a Demonspawn Monk on July 19, 2019.
             Was a Priest of Wu Jian.
             Slain by a fire bat (8 damage)
             ... on level 9 of the Dungeon.
             The game lasted 00:10:32 (8853 turns).

kae the Martial Artist (Demonspawn Monk)            Turns: 8853, Time: 00:10:32

Health: 0/74       AC: 10    Str: 11    XL:     9   Next: 57%
Magic:  9/9        EV: 13    Int: 13    God:    Wu Jian [***...]
Gold:   374        SH:  6    Dex: 21    Spells: 8/8 levels left

rFire    . . .     SeeInvis .     - Unarmed
rCold    . . .     Gourm    .   q - +0 buckler "Junt" {rN+}
rNeg     + . .     Faith    .   s - +0 leather armour of Nahimneo {Dex+3}
rPois    +         Spirit   .   (helmet restricted)
rElec    .         Reflect  .   r - +2 cloak {rPois}
rCorr    .         Harm     .   (no gloves)
MR       .....                  d - +0 pair of boots
Stlth    ++........             (no amulet)
HPRegen  0.22/turn              (no ring)
MPRegen  0.11/turn              (no ring)

@: no status effects
A: horns 1, icy blue scales 2, demonic guardian 1, powered by death 1
a: Wall Jump, Serpent's Lash, Renounce Religion


You were on level 9 of the Dungeon.
You worshipped Wu Jian.
Wu Jian was most pleased with you.
You were not hungry.

You visited 2 branches of the dungeon, and saw 10 of its levels.
You also visited: Ossuary.

You collected 603 gold pieces.
You spent 229 gold pieces at shops.

Inventory:

Armour
 a - a +0 robe
 d - a +0 pair of boots (worn)
 q - the +0 buckler "Junt" (worn) {rN+}
   (You found it on level 4 of the Dungeon)

   It protects you from negative energy.
 r - a +2 cloak of poison resistance (worn)
 s - the +0 leather armour of Nahimneo (worn) {Dex+3}
   (You bought it in a shop on level 7 of the Dungeon)

   It affects your dexterity (+3).
Jewellery
 l - an uncursed amulet of rage
Wands
 c - a wand of digging (13)
 e - a wand of clouds (4)
 m - a wand of random effects (15)
 p - a wand of iceblast (16)
 v - a wand of paralysis (11)
Scrolls
 i - 3 scrolls of teleportation
 j - 3 scrolls of blinking
 k - 2 scrolls of fear
 o - a scroll of remove curse
 y - 3 scrolls of identify
Potions
 f - a potion of brilliance
 h - 5 potions of curing
 n - a potion of flight
 w - a potion of resistance
Comestibles
 b - 15 rations


   Skills:
 + Level 7.9 Fighting
 - Level 2.6 Dodging
 - Level 1.7 Stealth
 - Level 4.0 Shields
 * Level 9.9 Unarmed Combat


You had 8 spell levels left.
You didn't know any spells.
Your spell library contained the following spells:

 Spells                   Type           Power        Failure   Level  Hunger
 Confusing Touch          Hex            #.....       38%         1    ##.....
 Confuse                  Hex            #.......     77%         3    ####...
 Gell's Gravitas          Tloc           #.........   77%         3    ####...
 Petrify                  Tmut/Erth      #.......     99%         4    #####..
 Metabolic Englaciation   Hex/Ice        #.........   100%        5    ######.
 Yara's Violent Unravell  Hex/Tmut       #.........   100%        5    ######.


Dungeon Overview and Level Annotations

Branches:
Dungeon (9/15)             Temple (1/1) D:7            Lair (0/6) D:8
    Orc: D:9-12

Altars:
Ashenzari
Cheibriados
Dithmenos
Elyvilon
Fedhas
Gozag
Hepliaklqana
Kikubaaqudgha
Makhleb
Nemelex Xobeh
Okawaru
Qazlal
Ru
Sif Muna
Trog
Uskayaw
Vehumet
Wu Jian
Xom
Yredelemnul
Zin
The Shining One

Shops:
D:7 :[(=(


Innate Abilities, Weirdness & Mutations

You have a pair of small horns on your head.
You are mostly covered in icy blue scales. (AC +3)
A weak demonic guardian rushes to your aid.
You regenerate a little health from kills.


Message History

You block the fire bat's attack. x2
You hit the fire bat.
The fire bat is severely wounded.
The fire bat bites you but does no damage.
You hit the fire bat but do no damage.
The fire bat is almost dead.
Your quasit disappears in a puff of smoke!
You block the fire bat's attack. The fire bat bites you.
* * * LOW HITPOINT WARNING * * *
You are engulfed in flames!
* * * LOW HITPOINT WARNING * * *
You barely miss the fire bat.
The fire bat is severely wounded.
You block the fire bat's attack. x2
You barely miss the fire bat. Your headbutt misses the fire bat.
The fire bat is severely wounded.
The fire bat bites you.
* * * LOW HITPOINT WARNING * * *
You are engulfed in flames!
You die...

##########
.........#
.........#
.........#
.......5^#
########@.#
#≈....bb#.#
#.≈≈≈≈vb#.#
#..§≈≈≈.#.#
######.§h≈≈.#.##
#...###.§v≈.#..#
#...#S}#v.≈.#..#
#...#.S##..≈#..#
#...#########..#


You could see 3 fire vortices, a hell hound, 3 fire bats, 2 lava snakes and a
friendly quasit.

Vanquished Creatures
  A fire bat (D:9)
  A hungry ghost (D:7)
  A black bear (D:8)
  5 orc warriors
  A sky beast (D:3)
  2 ogres
  A centaur (D:7)
  3 bullfrogs
  A big kobold (D:7)
  2 water moccasin zombies (Ossuary)
  A scorpion (D:5)
  A howler monkey (D:8)
  2 crimson imps
  2 jellies
  Crazy Yiuf (D:4)
  A hound (D:4)
  2 orc priests
  4 orc wizards (D:6)
  A bullfrog skeleton (D:6)
  3 centaur skeletons
  Ijyb (D:5)
  5 worker ants
  A killer bee zombie (D:7)
  3 big kobold zombies (Ossuary)
  2 mummies (Ossuary)
  A worker ant zombie (D:5)
  A howler monkey skeleton (D:5)
  7 adders
  A shadow imp (D:5)
  An ooze (D:4)
  An adder skeleton (D:8)
  7 adder zombies
  4 worms
  2 dart slugs (D:2)
  A leopard gecko (D:2)
  35 orcs
  4 bats
  5 giant cockroaches
  3 gnoll zombies (Ossuary)
  5 goblins
  9 hobgoblins
  7 jackals
  10 kobolds
  4 quokkas
  A ball python skeleton (D:4)
  6 frilled lizards
  8 hobgoblin zombies (Ossuary)
  A jackal skeleton (D:5)
  A jackal zombie (D:5)
  6 kobold zombies (Ossuary)
  6 orc zombies (Ossuary)
  2 quokka skeletons
  6 rats
193 creatures vanquished.

Vanquished Creatures (collateral kills)
  Joseph (D:8)
  Grinder (D:5)
  A bullfrog (D:7)
  A worker ant (D:3)
  A hound skeleton (D:6)
  2 orcs
  A jackal (D:5)
  2 kobolds (D:7)
10 creatures vanquished.

Grand Total: 203 creatures vanquished

Notes
Turn   | Place    | Note
-------+----------+-------------------------------------------
     0 | D:1      | kae the Demonspawn Monk began the quest for the Orb.
     0 | D:1      | Reached XP level 1. HP: 18/18 MP: 1/1
    52 | D:1      | Reached skill level 3 in Unarmed Combat
   506 | D:1      | Gained mutation: You regenerate a little health from kills.
                  | [demonic ancestry]
   506 | D:1      | Reached XP level 2. HP: 21/24 MP: 2/2
  1199 | D:2      | Reached XP level 3. HP: 24/29 MP: 3/3
  1235 | D:2      | Found a radiant altar of Vehumet.
  2315 | D:2      | Reached skill level 4 in Unarmed Combat
  2550 | D:2      | Gained mutation: A weak demonic guardian rushes to your
                  | aid. [demonic ancestry]
  2550 | D:2      | Reached XP level 4. HP: 32/37 MP: 4/4
  3295 | D:3      | Noticed a sky beast
  3314 | D:3      | Killed a sky beast
  3314 | D:3      | Reached skill level 1 in Shields
  3314 | D:3      | Reached XP level 5. HP: 14/42 MP: 5/5
  3802 | D:4      | Got a twisted buckler
  3813 | D:4      | Identified the cursed +0 buckler "Junt" {rN+} (You found it
                  | on level 4 of the Dungeon)
  3833 | D:4      | Reached skill level 5 in Unarmed Combat
  4019 | D:4      | Found a runed translucent door.
  4020 | D:4      | Noticed Crazy Yiuf
  4080 | D:4      | Reached XP level 6. HP: 35/49 MP: 6/6
  4725 | D:4      | Killed Crazy Yiuf
  5077 | D:5      | Entered Level 5 of the Dungeon
  5115 | D:5      | Noticed Ijyb
  5306 | D:5      | Killed Ijyb
  5342 | D:5      | Noticed Grinder
  5375 | D:5      | Paralysed by Grinder for 4 turns
  5388 | D:5      | Killed Grinder
  5388 | D:5      | Reached skill level 5 in Fighting
  5388 | D:5      | Reached skill level 6 in Unarmed Combat
  5388 | D:5      | Gained mutation: You have a pair of small horns on your
                  | head. [demonic ancestry]
  5388 | D:5      | Reached XP level 7. HP: 26/56 MP: 7/7
  6363 | D:6      | Gained mutation: You are partially covered in icy blue
                  | scales. (AC +2) [demonic ancestry]
  6363 | D:6      | Reached XP level 8. HP: 63/63 MP: 8/8
  6392 | D:6      | Reached skill level 7 in Unarmed Combat
  6983 | D:7      | Found Wuqud's Weapon Emporium.
  7119 | D:7      | Reached skill level 8 in Unarmed Combat
  7132 | D:7      | Found Yriseprirumn's Antique Weapon Boutique.
  7145 | D:7      | Found Viakh's Book Emporium.
  7149 | D:7      | Found Hemaq's Armour Boutique.
  7150 | D:7      | Found a staircase to the Ecumenical Temple.
  7173 | D:7      | Bought the +0 leather armour of Nahimneo {Dex+3} for 229
                  | gold pieces
  7262 | Temple   | Entered the Ecumenical Temple
  7442 | Temple   | Became a worshipper of the Wu Jian Council
  7442 | Temple   | Reached * piety under Wu Jian
  7442 | Temple   | Reached ** piety under Wu Jian
  7640 | D:7      | Found Faor Heum's Jewellery Emporium.
  7791 | D:8      | Noticed Joseph
  7803 | D:8      | Killed Joseph
  7803 | D:8      | Gained mutation: You are mostly covered in icy blue scales.
                  | (AC +3) [demonic ancestry]
  7803 | D:8      | Reached XP level 9. HP: 42/72 MP: 9/9
  7933 | D:8      | Found a staircase to the Lair.
  8028 | D:8      | Found a sand-covered staircase.
  8035 | Ossuary  | Entered an ossuary
  8114 | Ossuary  | Reached skill level 9 in Unarmed Combat
  8316 | D:8      | Reached *** piety under Wu Jian
  8853 | D:9      | Slain by a fire bat

Skill      XL: |  1  2  3  4  5  6  7  8  9 |
---------------+----------------------------+-----
Unarmed Combat | 3 4 5 6 8 9 |  9.9
Fighting       | 4 5 7 |  7.9
Shields        | 1 2 3 4 |  4.0
Dodging        | |  2.6
Stealth        | |  1.7

Action                   |  1- 3 |  4- 6 |  7- 9 || total
-------------------------+-------+-------+-------++-------
Melee: Unarmed           |   188 |   289 |   433 ||   910
       Punch             |     2 |     1 |       ||     3
       Headbutt          |       |       |    95 ||    95
Invok: Lunge             |       |       |    19 ||    19
       Whirlwind         |       |       |     6 ||     6
Evoke: Wand              |       |       |     3 ||     3
  Use: Scroll            |     3 |     8 |     6 ||    17
       Potion            |       |     3 |     5 ||     8
 Stab: Sleeping          |     3 |     3 |     6 ||    12
       Distracted        |       |       |     3 ||     3
  Eat: Chunk             |     4 |     8 |    11 ||    23
       Ration            |       |     1 |       ||     1
Armor: Robe              |    21 |    53 |    45 ||   119
       Skin              |       |     5 |     1 ||     6
       Leather armour    |       |       |    52 ||    52
Dodge: Dodged            |   126 |   127 |   182 ||   435
Block: Buckler           |       |    31 |   113 ||   144
